 Seeded DCSS version 0.26-a0-682-g294304f6e8 (webtiles) character file.

Game seed: 5544954002654523302 (custom seed)

423 karrick the Cudgeler (level 6, -1/37 HPs)
             Began as a Gargoyle Gladiator on Oct 21, 2020.
             Slain by a wyvern skeleton (5 damage)
             ... on level 6 of the Dungeon.
             The game lasted 00:03:47 (3110 turns).

karrick the Cudgeler (Gargoyle Gladiator)           Turns: 3110, Time: 00:03:48

Health: -1/37      AC:  8    Str: 18    XL:     6   Next: 95%
Magic:  6/6        EV: 12    Int: 10    God:
Gold:   132        SH:  0    Dex: 11    Spells: 5/5 levels left

rFire    . . .     SeeInvis .   a - +0 flail
rCold    . . .     Faith    .   (no shield)
rNeg     + . .     Spirit   .   b - +0 leather armour
rPois    ∞         Reflect  .   c - +0 helmet
rElec    +         Harm     .   (no cloak)
rCorr    .         Rampage  .   (no gloves)
MR       .....                  (no boots)
Stlth    ++........             (no amulet)
HPRegen  0.12/turn              (no ring)
MPRegen  0.10/turn              (no ring)

@: about to teleport
A: negative energy resistance 1, electricity resistance, unbreathing,
petrification resistance, rot immunity, AC +4
a: no special abilities


You were on level 6 of the Dungeon.
You visited 1 branch of the dungeon, and saw 6 of its levels.

You collected 244 gold pieces.
You spent 112 gold pieces at shops.

Inventory:

Hand Weapons
 a - a +0 flail (weapon)
 o - a +2 dagger of holy wrath
Missiles
 d - 3 throwing nets (quivered)
Armour
 b - a +0 leather armour (worn)
 c - a +0 helmet (worn)
Jewellery
 f - an uncursed ring of protection from cold {unknown}
 s - an uncursed ring of wizardry {unknown}
Scrolls
 e - a scroll of enchant weapon {unknown}
 h - 5 scrolls of remove curse
 i - a scroll of blinking {unknown}
 j - 2 scrolls of teleportation
 l - 4 scrolls of identify
 q - a scroll of noise {unknown}
Potions
 g - 2 potions of lignification {unknown}
 k - a potion of heal wounds {unknown}
 m - a potion of stabbing {unknown}
 n - 2 potions of brilliance {unknown}
 p - a potion of flight {unknown}
 r - a potion of invisibility {unknown}


   Skills:
 + Level 3.4 Fighting
 + Level 5.6 Maces & Flails
 - Level 1.8 Throwing
 * Level 3.0 Armour
 - Level 2.5 Dodging
 * Level 3.2 Stealth


You had 5 spell levels left.
You didn't know any spells.
Your spell library contained the following spells:

 Spells                   Type           Power        Failure   Level
 Animate Skeleton         Necr           #.....       41%         1
 Apportation              Tloc           #.....       41%         1
 Corona                   Hex            #......      41%         1
 Pain                     Necr           #...         41%         1
 Summon Small Mammal      Summ           #...         41%         1
 Vampiric Draining        Necr           #.........   80%         3
 Animate Dead             Necr           #.........   99%         4
 Agony                    Necr           #.......     100%        5


Dungeon Overview and Level Annotations

Branches:
Dungeon (7/15)
 Temple: D:4-7

Altars:
Gozag
Qazlal

Shops:
D:6 ?


Innate Abilities, Weirdness & Mutations

You are resistant to torment.
Your stone body is resilient. (AC +4)
You are immune to poison.
You resist negative energy. (rN+)
You are resistant to electric shocks. (rElec)
You can survive without breathing.
You are immune to petrification.
You are immune to rotting.


Message History

The wyvern skeleton is lightly damaged.
The wyvern skeleton bites you.
You hit the wyvern skeleton but do no damage.
The wyvern skeleton is lightly damaged.
The wyvern skeleton bites you!
* * * LOW HITPOINT WARNING * * *
You are too injured to fight recklessly!
You are too injured to fight recklessly!
You are too injured to fight recklessly!
You are too injured to fight recklessly!
You are too injured to fight recklessly!
You are too injured to fight recklessly!
You are too injured to fight recklessly!
You are too injured to fight recklessly!
You are too injured to fight recklessly!
As you read the scroll of teleportation, it crumbles to dust.
You feel strangely unstable. The wyvern skeleton bites you.
* * * LOW HITPOINT WARNING * * *
The wyvern skeleton bites you.
You die...

#.#######.##
#.# #.# #...
#.# #.# ####
#.# #.# #.#
#.# #.# #Z#
#@# #.# #.#
#.# #.# #.#
#.# ## #.#
#.. #.# #.#
##


You could see a wyvern skeleton.

Vanquished Creatures
  A black bear (D:6)
  2 bullfrogs (D:6)
  A jelly (D:6)
  A hound zombie (D:6)
  A worker ant zombie (D:6)
  A gnoll (D:1)
  6 adders
  2 ufetubi
  An ooze (D:2)
  2 worms
  A dart slug (D:1)
  2 leopard geckos
  5 orcs (D:3)
  A giant cockroach (D:1)
  10 hobgoblins
  3 jackals (D:1)
  7 kobolds
  A quokka (D:3)
  2 ball pythons
  3 bats
  4 frilled lizards
  7 goblins
  8 rats
72 creatures vanquished.

Notes
Turn   | Place    | Note
-------+----------+-------------------------------------------
     0 | D:1      | karrick the Gargoyle Gladiator began the quest for the Orb.
     0 | D:1      | Reached XP level 1. HP: 12/12 MP: 1/1
   196 | D:1      | Reached XP level 2. HP: 17/17 MP: 2/2
   345 | D:1      | Reached skill level 1 in Stealth
   345 | D:1      | Reached XP level 3. HP: 17/22 MP: 3/3
   376 | D:1      | Reached skill level 1 in Armour
  1098 | D:2      | Reached XP level 4. HP: 14/27 MP: 4/4
  1189 | D:2      | Reached skill level 4 in Maces & Flails
  1897 | D:3      | Reached XP level 5. HP: 27/31 MP: 5/5
  2197 | D:3      | You fall into a shaft and drop 1 floor!
  2197 | D:4      | Found a stormy altar of Qazlal.
  2207 | D:4      | You fall into a shaft and drop 3 floors!
  2208 | D:7      | Found an opulent altar of Gozag.
  2369 | D:6      | Found Xeffith's Magic Scroll Shop.
  2377 | D:6      | Bought a scroll of teleportation for 42 gold pieces
  2377 | D:6      | Bought a scroll of remove curse for 42 gold pieces
  2377 | D:6      | Bought a scroll of identify for 28 gold pieces
  2401 | D:6      | Reached XP level 6. HP: 37/37 MP: 6/6
  2428 | D:6      | Reached skill level 5 in Maces & Flails
  2705 | D:6      | Noticed a black bear
  2717 | D:6      | Killed a black bear
  2950 | D:6      | Noticed a hornet
  3110 | D:6      | Slain by a wyvern skeleton

Illustrated notes

Levels and vault maps discovered:
D:1:      noname_arrival_rooms_in_the_neighbourhood, layout_basic
D:2:      layout_basic
D:3:      kb_forest_paths, layout_basic, ebering_ghost_gozag, grunt_ministairs_9
D:4:      layout_basic, grunt_qazlal_sundering, gammafunk_temple_overflow_pools,
          minivault_25, grunt_dithmenos_smoke, uniq_sigmund, uniq_natasha
D:6:      layout_loops_ring, serial_shops, shop
D:7:      layout_basic, serial_shops, nicolae_shop_crystal, basic_altar,
          grunt_gozag_statues

Skill      XL: |  1  2  3  4  5  6 |
---------------+-------------------+-----
Stealth        | 1 2 3 |  3.2
Armour         | 1 2 3 |  3.0
Maces & Flails | 4 5 |  5.6
Fighting       | 3 |  3.4
Throwing       | |  1.8
Dodging        | |  2.5

Action                   |  1- 3 |  4- 6 || total
-------------------------+-------+-------++-------
Melee: Flail             |   104 |   196 ||   300
  Use: Scroll            |       |     2 ||     2
 Stab: Sleeping          |       |     1 ||     1
Armor: Leather armour    |    49 |   103 ||   152
Dodge: Dodged            |    81 |   162 ||   243

Table legend: (Time is in decaauts)
 A = Elapsed time spent in this place.
 B = Non-inter-level travel time spent in this place.
 C = Inter-level travel time spent in this place.
 D = Time resting spent in this place.
 E = Time spent auto-exploring this place.
 F = Levels seen in this place.
 G = Mean time per level.
                   A        B        C        D        E       F      G
               +--------+--------+--------+--------+--------+-----+--------+
         Total |   3167 |   3130 |     37 |    162 |   2351 |   6 |  527.8 |
       Dungeon |   3167 |   3130 |     37 |    162 |   2351 |   6 |  527.8 |
               +--------+--------+--------+--------+--------+-----+--------+

Top non-repeatable levels by time:
     D:1: 981 daAuts
     D:2: 842 daAuts
     D:6: 811 daAuts
     D:3: 419 daAuts
     D:7: 103 daAuts
     D:4: 9 daAuts
